 Dungeon Crawl Stone Soup version 0.27-a0-223-ge082b6e869 (webtiles) character file.

Game seed: 381273600256877421

24748 Lanoc the Dancer (level 13, -6/116 HPs)
             Began as a Ghoul Gladiator on Feb 1, 2021.
             Was a Follower of Uskayaw.
             Shot with a bolt by a yaktaur (23 damage)
             ... on level 14 of the Dungeon.
             The game lasted 00:27:21 (16383 turns).

Lanoc the Dancer (Ghoul Gladiator)                 Turns: 16383, Time: 00:27:21

Health: -6/116     AC: 17    Str: 19    XL:     13   Next: 15%
Magic:  14/21      EV: 31    Int:  3    God:    Uskayaw [*.....]
Gold:   869        SH:  0    Dex: 14    Spells: 12/12 levels left

rFire    + . .     SeeInvis .   a - +4 hand axe "Taxofue" {flame, rN+}
rCold    + . .     Faith    .   (no shield)
rNeg     + + +     Spirit   .   u - +3 scale mail "Byzaet" {rPois Will+}
rPois    ∞         Reflect  .   x - +1 helmet
rElec    .         Harm     .   t - +2 cloak
rCorr    .         Rampage  .   (no gloves)
Will     ++...                  s - +0 pair of boots
Stlth    ..........             v - amulet of the acrobat
HPRegen  0.00/turn              A - ring of willpower
MPRegen  0.17/turn              C - ring of protection from fire

@: acrobat, studying 2 skills
A: claws 1, cold resistance 1, negative energy resistance 3, inhibited
regeneration, torment resistance, unbreathing
a: Renounce Religion, Stomp


You were on level 14 of the Dungeon.
You worshipped Uskayaw.
Uskayaw was pleased with you.
You visited 2 branches of the dungeon, and saw 15 of its levels.
You also visited: Sewer and Ossuary.

You collected 1028 gold pieces.
You spent 159 gold pieces at shops.

Inventory:

Hand Weapons
 a - the +4 hand axe "Taxofue" (weapon) {flame, rN+}
   (You found it on level 4 of the Dungeon)

   It has been specially enchanted to burn those struck by it, causing extra
   injury to most foes and up to half again as much damage against particularly
   susceptible opponents.
   Big, fiery blades are also staple armaments of hydra-hunters.
   It protects you from negative energy.
 I - a +1 broad axe
Missiles
 b - 3 curare-tipped darts
 y - 4 throwing nets (quivered)
Armour
 s - a +0 pair of boots (worn)
 t - a +2 cloak (worn)
 u - the +3 scale mail "Byzaet" (worn) {rPois Will+}
   (You found it on level 8 of the Dungeon)

   It protects you from poison.
   It affects your willpower, your defense against some magical effects.
 x - a +1 helmet (worn)
Jewellery
 v - an amulet of the acrobat (around neck)
 w - the ring of the Heavens {*Corrode rF+ rC+ Dex+6}
   (You found it on level 6 of the Dungeon)

   [ring of protection from fire]

   It affects your dexterity (+6).
   It protects you from fire.
   It protects you from cold.
   It may corrode you when you take damage.
 A - a ring of willpower (left claw)
 C - a ring of protection from fire (right claw)
 K - an uncursed ring of protection from cold
 L - an uncursed ring of resist corrosion
Wands
 d - a wand of charming (16)
 f - a wand of polymorph (38)
 k - a wand of acid (11)
 o - a wand of mindburst (8)
 E - a wand of digging (3)
 O - a wand of flame (55)
 R - a wand of random effects (39)
Scrolls
 e - 2 scrolls of magic mapping
 g - 10 scrolls of remove curse
 h - 12 scrolls of teleportation
 j - 2 scrolls of blinking
 l - 8 scrolls of fear
 n - 4 scrolls of enchant weapon
 r - 3 scrolls of fog
 z - a scroll of torment
 B - a scroll of brand weapon
 D - 5 scrolls of amnesia
 H - 2 scrolls of immolation
 M - 2 scrolls of enchant armour
 S - 3 scrolls of identify
Potions
 c - 2 potions of brilliance
 i - 3 potions of magic
 m - 4 potions of haste
 q - a potion of ambrosia
 F - 8 potions of curing
 G - a potion of cancellation
 J - 2 potions of resistance
 N - a potion of invisibility
 P - a potion of flight
Books
 p - a manual of Dodging
 Q - a manual of Fighting


   Skills:
 + Level 11.1 Fighting
 * Level 11.2 Axes
 - Level 1.7 Throwing
 + Level 7.3 Armour
 + Level 10.8 Dodging
 * Level 12.2 Invocations


You had 12 spell levels left.
You didn't know any spells.
Your spell library contained the following spells:

 Spells                   Type           Power        Failure   Level
 Animate Skeleton         Necr           0%           85%         1
 Apportation              Tloc           0%           85%         1
 Corona                   Hex            0%           85%         1
 Magic Dart               Conj           0%           85%         1
 Sting                    Tmut/Pois      0%           85%         1
 Summon Small Mammal      Summ           0%           85%         1
 Blink                    Tloc           N/A          94%         2
 Call Imp                 Summ           0%           94%         2
 Ensorcelled Hibernation  Hex/Ice        0%           94%         2
 Slow                     Hex            0%           94%         2
 Confusing Touch          Hex            0%           99%         3
 Conjure Flame            Conj/Fire      0%           99%         3
 Dazzling Flash           Conj/Hex       0%           99%         3
 Ignite Poison            Fire/Tmut/Pois 0%           99%         3
 Mephitic Cloud           Conj/Pois/Air  0%           99%         3
 Tukima's Dance           Hex            0%           99%         3
 Olgreb's Toxic Radiance  Pois           0%           100%        4


Dungeon Overview and Level Annotations

Branches:
Dungeon (14/15)            Temple (1/1) D:7            Lair (0/6) D:9
    Orc (0/2) D:11          Sewer (visited)         Ossuary (visited)
 Vaults: D:13-14

Altars:
Elyvilon
Fedhas
Gozag
Kikubaaqudgha
Makhleb
Okawaru
Ru
Uskayaw
Vehumet
Yredelemnul
The Shining One

Shops:
D:4 :}   D:6 ?   D:13 [

Annotations:
D:6 1 runed translucent door
D:13 2 runed translucent doors, Waut's ghost, journeyman TeGl


Innate Abilities, Weirdness & Mutations

You thrive by killing the living.
You are immune to poison.
You have sharp fingernails.
Your flesh is cold resistant. (rC+)
You are immune to negative energy. (rN+++)
You do not regenerate when monsters are visible.
You are immune to unholy pain and torment.
You can survive without breathing.


Message History

Things that are here:
a +0 giant club; an ogre corpse The yaktaur shoots a bolt.
The bolt completely misses you.
The deep elf zephyrmancer mumbles some strange words.
The deep elf zephyrmancer blinks!
Aiming: Grand Finale
Press: ? - help, Shift-Dir - straight line, f - four-headed hydra
Aim: a four-headed hydra (moderately wounded)
The four-headed hydra explodes violently!
The yaktaur is hit by a flying piece of the four-headed hydra!
The deep elf zephyrmancer is hit by a flying piece of the four-headed hydra!
You blow up the four-headed hydra!
You can no longer merge with and destroy a victim.
The skeletal warrior hits you with a +0 halberd!
* * * LOW HITPOINT WARNING * * *
The skeletal warrior barely misses you.
The deep elf zephyrmancer casts a spell at you.
The bolt of lightning misses you.
The yaktaur shoots a bolt.
The bolt hits you!!
You die...

###### # ....#
#.####..###########
#.......##........# #
#....@..######.#######
#. #.#..#### #.......#
#.##.#..# #######.#
#....z..# #...
#.......#
############.#.
####c####
#.......#....#. #c#
#.......#..##.. #.##
#.......#...... #c.#
#.......#.##...


You could see a skeletal warrior and 2 yaktaurs.

Vanquished Creatures
  Snorg (D:10)
  A hydra (D:14)
  A centaur warrior (D:13)
  5 two-headed ogres
  A death knight (D:14)
  3 unseen horrors
  A deep elf zephyrmancer (D:14)
  3 ugly things (D:14)
  Joseph (D:10)
  2 gargoyles
  2 centaur skeletons
  2 yaktaurs (D:14)
  2 freezing wraiths (D:14)
  3 trolls
  2 meliai (D:12)
  A hornet (D:9)
  A meliai zombie (D:13)
  4 wyverns (D:9)
  A wraith (D:14)
  A shadow (D:11)
  9 yaks
  A basilisk (D:12)
  Grum (D:8)
  3 acid dragons
  6 water moccasins
  2 hornet zombies
  Purgy (Sewer)
  5 sky beasts
  2 orc warriors
  4 ice beasts
  3 black bears
  17 centaurs
  7 ogres
  6 wolves
  A phantom (D:9)
  A big kobold (D:8)
  4 bullfrogs
  2 wyvern zombies
  A water moccasin zombie (D:10)
  A scorpion (D:10)
  22 killer bees
  7 howler monkeys
  12 wights
  A bullfrog zombie (D:11)
  5 centaur zombies
  2 quasits
  A bullfrog skeleton (D:8)
  6 orc priests
  4 hounds
  2 jellies
  A human zombie (Ossuary)
  2 iguanas
  6 orc wizards
  A spectral killer bee (D:10)
  12 worker ants
  A big kobold zombie (Ossuary)
  3 hound zombies
  2 human simulacra (D:14)
  3 mummies (Ossuary)
  3 worker ant zombies
  8 adders
  3 gnolls (D:7)
  A shadow imp (D:8)
  2 white imps
  An ufetubus (D:9)
  2 adder skeletons
  2 worms
  3 leopard geckos
  43 orcs
  3 ball pythons
  5 giant cockroaches
  2 goblins (D:3)
  A hobgoblin (D:3)
  5 jackals
  10 kobolds
  2 quokkas
  3 bats (D:3)
  3 frilled lizards
  A gnoll zombie (Ossuary)
  2 goblin zombies (Ossuary)
  A hobgoblin zombie (Ossuary)
  A quokka zombie (D:8)
  6 rats
  A rat zombie (D:8)
322 creatures vanquished.

Vanquished Creatures (others)
  A sky beast (D:7)
  A human (D:7)
  A killer bee zombie (D:7)
  2 fungi (D:9)
  20 plants (D:9)
25 creatures vanquished.

Grand Total: 347 creatures vanquished

Notes
Turn   | Place    | Note
-------+----------+-------------------------------------------
     0 | D:1      | Lanoc the Ghoul Gladiator began the quest for the Orb.
     0 | D:1      | Reached XP level 1. HP: 17/17 MP: 0/0
   205 | D:3      | Reached XP level 2. HP: 25/25 MP: 1/1
   240 | D:3      | Found a blossoming altar of Fedhas.
   251 | D:3      | Reached XP level 3. HP: 7/30 MP: 2/2
   275 | D:3      | Found a burning altar of Makhleb.
   388 | D:3      | Found a glowing drain.
   409 | Sewer    | Entered a sewer
   581 | Sewer    | Noticed Purgy
   595 | Sewer    | Killed Purgy
   596 | Sewer    | Reached XP level 4. HP: 6/38 MP: 3/3
   596 | Sewer    | Reached XP level 5. HP: 8/45 MP: 4/4
   678 | D:3      | Found an iron altar of Okawaru.
   775 | D:3      | Found a white marble altar of Elyvilon.
   820 | D:3      | Found a faded altar of an unknown god.
   828 | D:3      | Became a worshipper of Uskayaw the Reveller
   828 | D:3      | Reached * piety under Uskayaw
  1152 | D:3      | Found a sacrificial altar of Ru.
  1214 | D:3      | Noticed an ogre
  1811 | D:4      | Found Ecobbego's Gadget Shoppe.
  1910 | D:4      | Reached skill level 1 in Invocations
  1940 | D:4      | Reached ** piety under Uskayaw
  1943 | D:4      | Reached XP level 6. HP: 44/51 MP: 5/5
  2133 | D:4      | Got a smoking hand axe
  2133 | D:4      | Identified the +4 hand axe "Taxofue" {flame, rN+} (You
                  | found it on level 4 of the Dungeon)
  2147 | D:4      | Reached *** piety under Uskayaw
  2299 | D:4      | Reached skill level 1 in Armour
  2522 | D:4      | Reached skill level 2 in Invocations
  2736 | D:4      | Got an ancient leather armour
  2746 | D:4      | Identified the +2 leather armour of the Lobster {Rampage
                  | rN+ MP+9} (You found it on level 4 of the Dungeon)
  2835 | D:4      | Found Raibb's Book Shoppe.
  2946 | D:5      | Entered Level 5 of the Dungeon
  3315 | D:5      | Reached **** piety under Uskayaw
  3590 | D:5      | Noticed an ice beast
  3593 | D:5      | Killed an ice beast
  3594 | D:5      | Reached XP level 7. HP: 59/59 MP: 8/8
  3645 | D:5      | Found a basalt altar of Yredelemnul.
  3923 | D:5      | Reached skill level 5 in Axes
  4076 | D:6      | Reached skill level 3 in Invocations
  4342 | D:6      | Found Wuluhaga's Magic Scroll Shoppe.
  4365 | D:6      | Bought a scroll of identify for 22 gold pieces
  4365 | D:6      | Bought a scroll of identify for 22 gold pieces
  4365 | D:6      | Bought a scroll of magic mapping for 38 gold pieces
  4365 | D:6      | Bought a scroll of teleportation for 33 gold pieces
  4365 | D:6      | Bought a scroll of identify for 22 gold pieces
  4365 | D:6      | Bought a scroll of identify for 22 gold pieces
  4365 | D:6      | Identified a scroll of acquirement
  4369 | D:6      | Acquired a manual of Dodging
  4417 | D:6      | Reached XP level 8. HP: 67/67 MP: 9/9
  4544 | D:6      | Got a faintly glowing bone ring
  4545 | D:6      | Identified the ring of the Heavens {*Corrode rF+ rC+ Dex+6}
                  | (You found it on level 6 of the Dungeon)
  4552 | D:6      | Found a runed translucent door.
  4552 | D:6      | Noticed an angel
  4560 | D:6      | Found a glowing golden altar of the Shining One.
  4893 | D:7      | Reached skill level 4 in Invocations
  5024 | D:7      | Found a radiant altar of Vehumet.
  5098 | D:7      | Found an ancient bone altar of Kikubaaqudgha.
  5220 | D:7      | Reached skill level 5 in Fighting
  5220 | D:7      | Reached skill level 5 in Dodging
  5488 | D:7      | Reached skill level 5 in Invocations
  5639 | D:7      | Reached ***** piety under Uskayaw
  5652 | D:7      | Reached XP level 9. HP: 45/74 MP: 12/12
  5852 | D:7      | Found a staircase to the Ecumenical Temple.
  5870 | Temple   | Entered the Ecumenical Temple
  5940 | D:7      | Got a faintly glowing falchion
  5940 | D:7      | Identified the +9 falchion of the Final Decision {freeze,
                  | Int+5 Stlth+} (You found it on level 7 of the Dungeon)
  6173 | D:7      | Identified the Compendium of Victory
  6182 | D:7      | Found an opulent altar of Gozag.
  6491 | D:8      | Reached skill level 6 in Invocations
  6504 | D:8      | Got a faintly glowing scale mail
  6557 | D:8      | Found a sand-covered staircase.
  6571 | Ossuary  | Entered an ossuary
  6582 | Ossuary  | Identified the +3 scale mail "Byzaet" {rPois Will+} (You
                  | found it on level 8 of the Dungeon)
  6913 | D:8      | Noticed Grum
  6934 | D:8      | Killed Grum
  6955 | D:8      | Noticed a two-headed ogre
  6965 | D:8      | Killed a two-headed ogre
  6966 | D:8      | Reached skill level 7 in Invocations
  6966 | D:8      | Reached XP level 10. HP: 34/84 MP: 14/14
  7197 | D:8      | Noticed a kobold demonologist
  7197 | D:8      | Noticed a tengu warrior
  8148 | D:9      | Reached skill level 8 in Invocations
  8231 | D:9      | Reached ****** piety under Uskayaw
  8245 | D:9      | Noticed a two-headed ogre
  8526 | D:9      | Killed a two-headed ogre
  8529 | D:9      | Reached skill level 5 in Armour
  8646 | D:9      | Reached skill level 9 in Invocations
  8649 | D:9      | Reached XP level 11. HP: 92/92 MP: 16/16
  8821 | D:9      | Found a staircase to the Lair.
  9301 | D:9      | Noticed a two-headed ogre
  9313 | D:9      | Killed a two-headed ogre
  9471 | D:9      | Acquired a manual of Fighting
  9725 | D:10     | Entered Level 10 of the Dungeon
  9726 | D:10     | Noticed Snorg
  9746 | D:10     | Killed Snorg
 10149 | D:10     | Reached skill level 10 in Invocations
 10467 | D:10     | Noticed Joseph
 10484 | D:10     | Killed Joseph
 10801 | D:11     | Noticed a two-headed ogre
 10813 | D:11     | Killed a two-headed ogre
 11566 | D:11     | Reached XP level 12. HP: 104/104 MP: 18/18
 11592 | D:11     | Reached skill level 10 in Axes
 11674 | D:11     | Found a staircase to the Orcish Mines.
 12734 | D:12     | Found a radiant altar of Vehumet.
 13272 | D:12     | Reached skill level 11 in Invocations
 13718 | D:13     | Noticed a centaur warrior
 13740 | D:13     | Killed a centaur warrior
 13741 | D:13     | Reached skill level 10 in Dodging
 14159 | D:13     | Reached skill level 10 in Fighting
 14334 | D:13     | Noticed a two-headed ogre
 14341 | D:13     | Killed a two-headed ogre
 14548 | D:13     | Found Qif Kugg's Armour Shop.
 14731 | D:13     | Found a runed translucent door.
 14735 | D:13     | Found a runed translucent door.
 14736 | D:13     | Noticed a storm dragon
 14737 | D:13     | Noticed a tengu reaver
 14737 | D:13     | Noticed a lich
 14738 | D:13     | Noticed Waut's ghost (journeyman TeGl)
 15286 | D:14     | Noticed a death knight
 15660 | D:14     | Killed a death knight
 15801 | D:14     | Reached skill level 12 in Invocations
 15801 | D:14     | Reached XP level 13. HP: 45/115 MP: 19/21
 15805 | D:14     | HP: 2/115 [skeletal warrior/+0 trident[a death knight] (9)]
 16383 | D:14     | Shot with a bolt by a yaktaur

Illustrated notes

Levels and vault maps discovered:
D:1:      saegor_arrival_simple_a, layout_loops_corners, serial_rivers,
          chequers_serial_rivers_micro_c, chequers_serial_rivers_micro_a,
          chequers_serial_rivers_small_b, chequers_serial_rivers_micro_b,
          chequers_serial_rivers_micro_d
D:2:      layout_loops_ring, gammafunk_temple_overflow_pools,
          nzn_hepliaklqana_mist_gate
D:3:      layout_basic, old_standard_altar, nicolae_overflow_crystal_walls,
          okawaru_trees_2, general_overflow_altar,
          lemuel_coloured_pillars_altar, chequers_ecumenical_altar_island,
          cheibrodos_sewer_entry_drain
D:4:      layout_basic, serial_shops, kennysheep_mini, nicolae_shop_behind_doors
D:5:      layout_basic, yredelemnul_altar_generic
D:6:      layout_gridville, serial_shops, shop_fountains, lemuel_angel_altar
D:7:      cheibrodos_barr_body, layout_loops_ring, fiery_altar_vehumet,
          kennysheep_little_box, minmay_temple_entry_glassed_door,
          tgw_kikubaaqudgha
D:8:      layout_layer_cave, enter_ossuary_4, minmay_strange_pillars,
          lightli_corner_chamber, uniq_grum
D:9:      layout_cave_pods, minmay_lair_entry_grove
D:10:     layout_small_grid, hangedman_weighted_door, uniq_snorg, uniq_joseph
D:11:     layout_cave_pods, hiddenorc1_lemuel, lemuel_old_faithful
D:12:     layout_irregular_city, basic_altar, eino_jars
D:13:     layout_irregular_city, muffindrake_ghost_dual_entry, serial_shops,
          nicolae_shop_statue_plus, hangedman_decor_clover_reticule
D:14:     layout_loops_cross, hangedman_vaults_entry_quadrant_bands,
          infiniplex_staircase_pillars_1, bh_circular_ruins
Temple:   nicolae_temple_hex_pool

Skill      XL: |  1  2  3  4  5  6  7  8  9 10 11 12 13 |
---------------+----------------------------------------+-----
Axes           | 3 4 5 6 7 8 9 11 | 11.2
Dodging        | 3 4 5 6 8 9 10 | 10.8
Fighting       | 3 4 5 6 7 9 10 11 | 11.1
Invocations    | 1 2 3 5 7 9 10 12 | 12.2
Armour         | 1 2 3 4 5 6 7 |  7.3
Throwing       | |  1.7

Action                   |  1- 3 |  4- 6 |  7- 9 | 10-12 | 13-15 || total
-------------------------+-------+-------+-------+-------+-------++-------
Melee: War axe           |    79 |    67 |       |       |       ||   146
       Hand axe          |       |    62 |   314 |   732 |    34 ||  1142
Throw: Throwing net      |     3 |       |       |       |       ||     3
Invok: Grand Finale      |       |       |       |       |     1 ||     1
Evoke: Wand              |       |     2 |       |       |       ||     2
  Use: Scroll            |     3 |       |    13 |    12 |     1 ||    29
       Potion            |       |     4 |       |     5 |       ||     9
 Stab: Held in net/web   |     3 |       |       |       |       ||     3
       Paralysed         |       |     3 |    15 |    87 |     8 ||   113
Armor: Leather armour    |    31 |    33 |    63 |       |       ||   127
       Scale mail        |       |       |    26 |   370 |    15 ||   411
Dodge: Dodged            |    68 |    77 |   195 |   559 |    22 ||   921

Table legend: (Time is in decaauts)
 A = Elapsed time spent in this place.
 B = Non-inter-level travel time spent in this place.
 C = Inter-level travel time spent in this place.
 D = Time resting spent in this place.
 E = Time spent auto-exploring this place.
 F = Levels seen in this place.
 G = Mean time per level.
                   A        B        C        D        E       F      G
               +--------+--------+--------+--------+--------+-----+--------+
         Total |  16282 |  15930 |    352 |   1182 |  11910 |  17 |  957.8 |
       Dungeon |  15745 |  15393 |    352 |   1182 |  11677 |  14 | 1124.6 |
        Temple |      1 |      1 |      0 |      0 |      0 |   1 |    1.0 |
         Sewer |    276 |    276 |      0 |      0 |     90 |   1 |  276.0 |
       Ossuary |    258 |    258 |      0 |      0 |    143 |   1 |  258.0 |
               +--------+--------+--------+--------+--------+-----+--------+

Top non-repeatable levels by time:
    D:12: 2138 daAuts
    D:13: 1755 daAuts
     D:9: 1597 daAuts
     D:7: 1570 daAuts
     D:4: 1520 daAuts
     D:8: 1379 daAuts
     D:5: 1099 daAuts
    D:11: 1077 daAuts
     D:3: 1061 daAuts
    D:10: 1001 daAuts
     D:6: 825 daAuts
    D:14: 547 daAuts
   Sewer: 276 daAuts
 Ossuary: 258 daAuts
     D:1: 143 daAuts
